Map: Ephemeron LE

Players

LuchitoNoob - Winner!

  • Race: Protoss Protoss
  • Spawn Location: 11:00

Ratl

  • Race: Protoss Protoss
  • League: Silver
  • Spawn Location: 5:00

VOD

Have the link to the VOD?

Description

Time

  • Played on: Feb. 3, 2020, 8:13 p.m.
  • Length: 3:11
Show
View Real Time Build Order
Export as new Build Order

LuchitoNoob Protoss - Winner!

Build Orders: Cannon Rush 

Get SALT Encoding   

  12  0:02  Probe  
  14  0:21  Probe (Chrono Boost)  
  14  0:31  Probe (Chrono Boost), Pylon  
  15  0:57  Forge  
  15  1:03  Pylon  
  15  1:10  Pylon  
  15  1:31  Photon Cannon  
  15  1:35  Photon Cannon  
  15  1:36  Photon Cannon  
  15  1:40  Photon Cannon  
  15  1:53  Gateway  
  15  2:02  Photon Cannon  
  15  2:19  Photon Cannon  
  15  2:25  Probe (Chrono Boost)  
  16  2:35  Probe (Chrono Boost)  
  17  2:37  Pylon  
  17  2:39  Probe (Chrono Boost)  
  17  2:40  Zealot  
  20  2:59  Pylon  
  20  3:02  Photon Cannon  
Show
View Real Time Build Order
Export as new Build Order

Ratl Protoss 

Build Orders:  

Get SALT Encoding   

  12  0:01  Probe  
  13  0:15  Probe  
  14  0:27  Probe, Pylon  
  15  0:45  Probe  
  16  0:51  Gateway  
  16  0:55  Assimilator  
  16  0:58  Probe  
  17  1:10  Probe (Chrono Boost)  
  18  1:11  Gateway  
  18  1:16  Pylon  
  18  1:22  Probe (Chrono Boost)  
  19  1:27  Assimilator  
  19  1:28  Probe (Chrono Boost)  
  20  1:36  Probe  
  21  1:43  Cybernetics Core  
  21  1:48  Probe  
  22  2:00  Probe  
  23  2:12  Probe  
  24  2:18  Stalker (Chrono Boost)  
  24  2:19  Stalker (Chrono Boost)  
  28  2:24  Probe  
  29  2:36  Probe  
  30  2:49  Probe  
  30  3:00  Pylon  
Tags
 
League
Silver
Matchup
PvP
Spawn Locations
Cross Positions
Add a new tag
Caveats
  • Supply blocks, unpowered buildings, or Contaminate may cause inaccurate times.
  • Supply counts are checked every 10 seconds.